 Dungeon Crawl Stone Soup version 0.13.0-19-g8e0b589 (webtiles) character file.

2104 Malachi the Spear-Bearer (level 9, -5/53 HPs)
             Began as a Tengu Berserker on Oct 24, 2013.
             Was a High Priest of Trog.
             Slain by an orc
             ... wielding a -1,+0 orcish war axe
              (6 damage)
             ... while paralysed by a giant eyeball
             ... on Level 6 of the Dungeon.
             The game lasted 00:10:14 (5256 turns).

Malachi the Spear-Bearer (Tengu Berserker)          Turns: 5256, Time: 00:10:14

HP  -5/53        AC  5     Str 20      XL: 9   Next:  8%
MP  11/11        EV  2     Int  8      God: Trog [*****.]
Gold 313         SH  0     Dex 14      Spells:  0 memorised,  8 levels left

Res.Fire  : . . .   See Invis. : .   a - +0 spear (curse) {=f}
Res.Cold  : . . .   Warding    : .   k - +1 leather armour {rPois} (curse)
Life Prot.: . . .   Conserve   : .   (no shield)
Res.Poison: +       Res.Corr.  : .   (helmet restricted)
Res.Elec. : .       Clarity    : .   u - +0 cloak
Sust.Abil.: . .     Spirit.Shd : .   (no gloves)
Res.Mut.  : .       Stasis     : .   (boots unavailable)
Res.Rott. : .       Flight     : .   (no amulet)
Saprovore : . . .                    (no ring)
                                     (no ring)

@: paralysed, exhausted, slightly resistant to hostile enchantments, unstealthy
A: able to fly, beak, talons 3
a: Fly, Burn Spellbooks, Berserk, Trog's Hand, Brothers in Arms, Renounce
Religion


You were on level 6 of the Dungeon.
You worshipped Trog.
Trog was extremely pleased with you.
You were very hungry.

You visited 1 branch of the dungeon, and saw 6 of its levels.

You collected 293 gold pieces.

Inventory:

Hand weapons
 a - a cursed +0,+0 spear (weapon) {=f}
 p - a +1 blowgun
Missiles
 q - 18 poisoned needles
Armour
 b - a +0 animal skin
 k - a cursed +1 leather armour of poison resistance (worn)
 u - a +0 cloak (worn)
Magical devices
 t - a wand of magic darts (12)
 w - a wand of enslavement (7)
 G - a wand of heal wounds (4) {unknown}
Comestibles
 c - 2 bread rations
 n - 4 meat rations
Scrolls
 e - 6 scrolls of identify
 f - 2 scrolls of immolation {unknown}
 h - a scroll of recharging {unknown}
 i - 4 scrolls of remove curse {unknown}
 m - 3 scrolls of teleportation
 o - a scroll of enchant armour {unknown}
Jewellery
 H - an uncursed ring of sustenance
Potions
 d - a potion of agility
 g - a potion of might
 r - 2 potions of heal wounds
 s - a potion of restore abilities
 v - a potion of curing
 D - a potion of brilliance


   Skills:
 + Level 5.3 Fighting
 * Level 9.3 Polearms
 + Level 4.2 Armour
 + Level 6.9 Dodging


You had 8 spell levels left.
You didn't know any spells.

Dungeon Overview and Level Annotations

Branches:
Dungeon (6/27)             Temple (0/1) D:5
    Orc: D:6-11

Altars:
Elyvilon
Makhleb

Shops:
D:5 %


Innate Abilities, Weirdness & Mutations

You can fly.
You have a beak for a mouth.
You have claws for feet.


Message History

The giant eyeball stares at you. You resist.
You hit the giant eyeball.
You claw the giant eyeball, but do no damage.
You peck the giant eyeball.
The giant eyeball is heavily wounded.
The worker ant waves its antennae.
Unknown command.
Unknown command.
The orc hits you with an orcish war axe!
The worker ant waves its antennae.
The giant eyeball stares at you.
You suddenly lose the ability to move!
A hobgoblin zombie comes into view.
The orc hits you with an orcish war axe.
* * * LOW HITPOINT WARNING * * *
A giant gecko zombie comes into view.
You feel yourself speed up.
The orc warrior hits you with an orcish long sword!
* * * LOW HITPOINT WARNING * * *
The orc hits you with an orcish war axe.
You die...

..........
.............
.[.............
................#
.......?.........#
..............P8.#
............PP...#
..................#
........o@.<......#
........Goo.......#
........a?.......#
.................#
.................#
................
..z...z.......
............
.........


You could see an orc warrior, a giant eyeball, a worker ant, 2 orcs, a giant
gecko zombie and a hobgoblin zombie.

Vanquished Creatures
  Pikel (D:5)
  The ghost of Econoterrorist the Covert, an experienced SpEn (D:6)
  The ghost of inmateoo the Magician, an experienced NaTm (D:5)
  Menkaure (D:5)
  2 ice beasts (D:5)
  3 slaves (D:5)
  A yellow wasp zombie (D:6)
  2 crimson imps (D:6)
  Crazy Yiuf (D:2)
  3 hounds
  A scorpion (D:6)
  2 centaur skeletons
  2 worker ants (D:4)
  An orc wizard (D:3)
  2 adders
  6 worms
  5 orcs
  A ball python (D:4)
  7 giant cockroaches
  11 goblins
  22 hobgoblins
  8 jackals (D:4)
  13 kobolds
  A quokka (D:3)
  7 bats
  6 giant geckos
  22 giant newts
  A jackal skeleton (D:4)
  A kobold skeleton (D:5)
  2 kobold zombies
  An orc zombie (D:5)
  8 rats
146 creatures vanquished.

Notes
Turn   | Place    | Note
--------------------------------------------------------------
     0 | D:1      | Malachi, the Tengu Berserker, began the quest for the Orb.
     0 | D:1      | Reached XP level 1. HP: 14/14 MP: 0/0
   123 | D:1      | Reached XP level 2. HP: 2/19 MP: 2/2
   494 | D:1      | Acquired Trog's second power
   543 | D:1      | Reached skill level 4 in Polearms
  1036 | D:1      | Reached XP level 3. HP: 12/24 MP: 3/3
  1606 | D:2      | Reached XP level 4. HP: 24/28 MP: 4/4
  1876 | D:2      | Noticed Crazy Yiuf
  1882 | D:2      | Killed Crazy Yiuf
  2056 | D:3      | Reached XP level 5. HP: 24/33 MP: 6/6
  2520 | D:3      | Reached skill level 5 in Polearms
  2853 | D:3      | Acquired Trog's third power
  3424 | D:4      | Reached XP level 6. HP: 31/39 MP: 7/7
  3831 | D:4      | Found a white marble altar of Elyvilon.
  4097 | D:5      | Entered Level 5 of the Dungeon
  4145 | D:5      | Found a staircase to the Ecumenical Temple.
  4178 | D:5      | Noticed inmateoo's ghost (experienced NaTm)
  4199 | D:5      | Killed inmateoo's ghost
  4199 | D:5      | Reached skill level 6 in Polearms
  4199 | D:5      | Reached XP level 7. HP: 38/43 MP: 5/8
  4200 | D:5      | Found a burning altar of Makhleb.
  4391 | D:5      | Found Obejaigh's Food Emporium.
  4469 | D:5      | Noticed Menkaure
  4474 | D:5      | Noticed Pikel
  4483 | D:5      | Killed Menkaure
  4493 | D:5      | Killed Pikel
  4493 | D:5      | Reached skill level 7 in Polearms
  4493 | D:5      | Reached skill level 5 in Dodging
  4493 | D:5      | Reached XP level 8. HP: 48/48 MP: 10/10
  4548 | D:5      | Reached skill level 8 in Polearms
  4891 | D:5      | Reached skill level 5 in Fighting
  5212 | D:6      | Noticed Econoterrorist's ghost (experienced SpEn)
  5233 | D:6      | Killed Econoterrorist's ghost
  5233 | D:6      | Reached skill level 9 in Polearms
  5233 | D:6      | Reached XP level 9. HP: 30/53 MP: 11/11
  5248 | D:6      | Paralysed by a giant eyeball for 2 turns
  5254 | D:6      | Paralysed by a giant eyeball for 3 turns
  5256 | D:6      | HP: 1/53 [orc warrior/orcish long sword (11)]
  5256 | D:6      | Slain by an orc

Action                   |  1- 3 |  4- 6 |  7- 9 || total
-------------------------+-------+-------+-------++-------
Melee: Spear             |   120 |   267 |   114 ||   501
Invok: Berserk           |       |     3 |     2 ||     5
 Abil: Fly               |       |     2 |       ||     2
Evoke: Wand              |       |     2 |       ||     2
  Use: Scroll            |       |       |    16 ||    16
 Stab: Sleeping          |       |     1 |       ||     1
